[Event "45th FIDE Olympiad 2024"]
[Site "Budapest"]
[Date "2024.09.14"]
[Round "4.208"]
[White "Mendez Ramirez, Victor"]
[Black "Khayat, Emad"]
[Result "1-0"]
[ECO "A29"]
[WhiteElo "2191"]
[BlackElo "1907"]
[PlyCount "71"]
[EventDate "2024.09.05"]
[EventType "team-tourn"]
[EventCountry "HUN"]
[WhiteTeam "Dominican Republic"]
[BlackTeam "Saudi Arabia"]
[WhiteTeamCountry "DOM"]
[BlackTeamCountry "SAU"]
[TimeControl "40/5400+30:1800+30"]

1. c4 e5 2. g3 Nf6 3. Bg2 d5 4. cxd5 Nxd5 5. Nc3 Nb6 6. Nf3 Nc6 7. O-O Be7 8. b3 O-O 9. Bb2 Bg4 10. Rc1 f6 11. h3 Be6 12. d4 exd4 13. Nb5 d3 14. Nfd4 Nxd4 15. Nxd4 Bd5 16. e4 Bf7 17. Qg4 h5 18. Qf3 c5 19. Nf5 c4 20. Rfd1 Re8 21. Bf1 Rc8 22. Ne3 Bc5 23. Nf5 Qd7 24. Nxg7 Kxg7 25. Qxf6+ Kf8 26. Qh6+ Ke7 27. Qf6+ Kf8 28. Qh6+ Ke7 29. Qg5+ Kd6 30. Bxd3 cxd3 31. Rxd3+ Nd5 32. Rxd5+ Bxd5 33. Qxd5+ Ke7 34. Bf6+ Kxf6 35. Qxd7 b6 36. b4 1-0

[Event "45th FIDE Olympiad 2024"]
[Site "Budapest"]
[Date "2024.09.14"]
[Round "4.209"]
[White "Johnson, Joshua"]
[Black "Kanegeni, Matthew Kamau"]
[Result "1-0"]
[ECO "C54"]
[WhiteElo "2267"]
[BlackElo "1976"]
[PlyCount "61"]
[EventDate "2024.09.05"]
[EventType "team-tourn"]
[EventCountry "HUN"]
[WhiteTeam "Trinidad & Tobago"]
[BlackTeam "Kenya"]
[BlackTeamCountry "KEN"]
[TimeControl "40/5400+30:1800+30"]

1. e4 e5 2. Nf3 Nc6 3. Bc4 Nf6 4. d3 Bc5 5. O-O d6 6. c3 a6 7. a4 Ba7 8. Re1 O-O 9. Nbd2 Re8 10. h3 h6 11. b4 Be6 12. Bxe6 Rxe6 13. Bb2 Qd7 14. Nf1 Nh5 15. d4 Nf4 16. Bc1 Rg6 17. Bxf4 exf4 18. Nh4 Rf6 19. Nh2 d5 20. Qg4 Qxg4 21. Nxg4 Rd6 22. Nf5 Rdd8 23. b5 g6 24. Nfxh6+ Kg7 25. bxc6 bxc6 26. Ne5 Kxh6 27. Nxf7+ Kg7 28. Nxd8 Rxd8 29. exd5 Rxd5 30. Re7+ Kf6 31. Rxc7 1-0

[Event "45th FIDE Olympiad 2024"]
[Site "Budapest"]
[Date "2024.09.14"]
[Round "4.210"]
[White "Oluka Robert Mcligeyo"]
[Black "Cabralis, Quinn"]
[Result "0-1"]
[ECO "B88"]
[WhiteElo "1990"]
[BlackElo "2169"]
[PlyCount "102"]
[EventDate "2024.09.05"]
[EventType "team-tourn"]
[EventCountry "HUN"]
[WhiteTeam "Kenya"]
[BlackTeam "Trinidad & Tobago"]
[WhiteTeamCountry "KEN"]
[TimeControl "40/5400+30:1800+30"]

1. e4 c5 2. Nf3 Nc6 3. Bc4 e6 4. O-O d6 5. d4 cxd4 6. Nxd4 Nf6 7. Nc3 Be7 8. Be3 a6 9. a4 O-O 10. Nb3 b6 11. Be2 Bb7 12. f4 Nb4 13. Bd3 Nxd3 14. cxd3 e5 15. Qe2 Re8 16. h3 Rb8 17. Qf2 Ba8 18. Ne2 b5 19. a5 Qd7 20. Ng3 Bf8 21. Nd2 exf4 22. Bxf4 Re6 23. Nf3 Ne8 24. Ng5 Rg6 25. Qe2 Nf6 26. Nf5 Re8 27. Nh4 Rh6 28. Qf2 Nh5 29. Bh2 Nf6 30. Nf5 Rg6 31. Bf4 h6 32. Nf3 Bxe4 33. dxe4 Nxe4 34. Qc2 Rf6 35. N3d4 Qa7 36. Be3 g6 37. Nh4 Rxf1+ 38. Rxf1 Ng3 39. Qf2 Nxf1 40. Kxf1 Qe7 41. Nc2 Bg7 42. Nf3 Bxb2 43. Bxh6 Qe4 44. Qd2 Rc8 45. Nce1 Bc1 46. Qxd6 Bxh6 47. Qxa6 Qc4+ 48. Kg1 Qc6 49. Qxc6 Rxc6 50. Kf1 Ra6 51. Ng1 Rxa5 {0-} 0-1

[Event "45th FIDE Olympiad 2024"]
[Site "Budapest"]
[Date "2024.09.14"]
[Round "4.211"]
[White "Cupid, Kevin"]
[Black "Wanasunia, Elvis Likoko"]
[Result "1/2-1/2"]
[ECO "A48"]
[WhiteElo "2201"]
[BlackElo "1942"]
[PlyCount "126"]
[EventDate "2024.09.05"]
[EventType "team-tourn"]
[EventCountry "HUN"]
[WhiteTeam "Trinidad & Tobago"]
[BlackTeam "Kenya"]
[BlackTeamCountry "KEN"]
[TimeControl "40/5400+30:1800+30"]

1. d4 Nf6 2. Nf3 g6 3. Bf4 c5 4. e3 Bg7 5. Nbd2 cxd4 6. exd4 O-O 7. Bc4 d5 8. Bb3 Nc6 9. O-O Bg4 10. h3 Bf5 11. c3 Rc8 12. Re1 Na5 13. Qe2 Re8 14. Ne5 Nxb3 15. axb3 a6 16. b4 Qb6 17. g4 Be6 18. Qf3 Rcd8 19. Qg3 Rc8 20. Nd3 Bd7 21. Nc5 Bc6 22. Be5 Qd8 23. Qh4 e6 24. g5 Nh5 25. Nf3 h6 26. Bxg7 hxg5 27. Nxg5 Kxg7 28. Rxe6 Kg8 29. Rxe8+ Qxe8 30. Nd3 Qe2 31. Qg4 Re8 32. Qf3 f6 33. Qxe2 Rxe2 34. Nf3 Bb5 35. Rd1 Bxd3 36. Rxd3 Nf4 37. Rd2 Nxh3+ 38. Kf1 Re7 39. Nh4 Nf4 40. Nf3 Rh7 41. Kg1 Re7 42. Kf1 Rh7 43. Kg1 Kf7 44. Ne1 Ke6 45. Ng2 Nh3+ 46. Kf1 Kf5 47. Ne3+ Ke4 48. Ng4 Kf5 49. Ne3+ Ke6 50. Ng2 Kf5 51. Ne3+ Ke4 52. Ng4 Kf5 53. Ne3+ Ke6 54. Ng2 Kd6 55. Rd3 Ng5 56. Nf4 Rh1+ 57. Kg2 Rb1 58. Rd2 Ne4 59. Re2 g5 60. Nh5 Rd1 61. f3 Rd2 62. Kf1 Rd1+ 63. Kg2 Rd2 1/2-1/2

[Event "45th FIDE Olympiad 2024"]
[Site "Budapest"]
[Date "2024.09.14"]
[Round "4.212"]
[White "Mutuge, Ian"]
[Black "Harper, Ryan"]
[Result "0-1"]
[ECO "C78"]
[WhiteElo "1938"]
[BlackElo "2124"]
[PlyCount "70"]
[EventDate "2024.09.05"]
[EventType "team-tourn"]
[EventCountry "HUN"]
[WhiteTeam "Kenya"]
[BlackTeam "Trinidad & Tobago"]
[WhiteTeamCountry "KEN"]
[TimeControl "40/5400+30:1800+30"]

1. e4 e5 2. Nf3 Nc6 3. Bb5 a6 4. Ba4 Nf6 5. d3 b5 6. Bb3 Bc5 7. a4 Rb8 8. axb5 axb5 9. O-O d6 10. Be3 Bb6 11. Qe1 O-O 12. Nbd2 Re8 13. Bxb6 Rxb6 14. Ra8 h6 15. Qa1 Rf8 16. Re1 Nb8 17. Nf1 Bb7 18. Ra2 Nbd7 19. c3 d5 20. exd5 Nc5 21. Bc2 Bxd5 22. Ra3 Bxf3 23. gxf3 Ne6 24. Rxe5 Ng5 25. Nd2 Nd7 26. Re3 Nh3+ 27. Kf1 Rg6 28. Ke1 Rg1+ 29. Nf1 Qg5 30. Kd2 Qg2 31. Re1 Qxf2+ 32. Re2 Qxf3 33. c4 Rxf1 34. Bd1 b4 35. Ra7 Nf4 {0-} 0-1

[Event "45th FIDE Olympiad 2024"]
[Site "Budapest"]
[Date "2024.09.14"]
[Round "4.213"]
[White "Thomas, Saah"]
[Black "El Jawich, Amro"]
[Result "0-1"]
[ECO "B23"]
[WhiteElo "1939"]
[BlackElo "2296"]
[PlyCount "82"]
[EventDate "2024.09.05"]
[EventType "team-tourn"]
[EventCountry "HUN"]
[WhiteTeam "Liberia"]
[BlackTeam "Lebanon"]
[WhiteTeamCountry "LBR"]
[BlackTeamCountry "LBN"]
[TimeControl "40/5400+30:1800+30"]

1. e4 c5 2. Nc3 a6 3. a4 Nc6 4. Bc4 e6 5. f4 Nge7 6. e5 d6 7. exd6 Nf5 8. Nf3 Bxd6 9. d3 Qc7 10. g3 O-O 11. Ne4 Be7 12. c3 Rb8 13. Qe2 b5 14. Bb3 Bb7 15. g4 Nh4 16. g5 Nf5 17. Bc2 Bd6 18. O-O Nce7 19. Nxd6 Qxd6 20. axb5 axb5 21. Ne5 f6 22. gxf6 gxf6 23. Nf3 Kh8 24. Kf2 Ng6 25. Qd2 Rg8 26. d4 Bxf3 27. Kxf3 Ngh4+ 28. Ke2 Rg2+ 29. Rf2 Qd5 30. Qe1 Rbg8 31. Kd1 Rxf2 32. Qxf2 Qh1+ 33. Ke2 Rg2 34. Ra8+ Kg7 35. Ra7+ Kh6 36. Be3 Rxf2+ 37. Bxf2 Qf3+ 38. Ke1 Ng2+ 39. Kf1 Nge3+ 40. Ke1 Nxc2+ 41. Kd2 Qxf2+ {0-} 0-1

[Event "45th FIDE Olympiad 2024"]
[Site "Budapest"]
[Date "2024.09.14"]
[Round "4.214"]
[White "Khoder, Akram"]
[Black "Barcon, Harmon"]
[Result "1-0"]
[ECO "E01"]
[WhiteElo "2239"]
[BlackElo "1968"]
[PlyCount "137"]
[EventDate "2024.09.05"]
[EventType "team-tourn"]
[EventCountry "HUN"]
[WhiteTeam "Lebanon"]
[BlackTeam "Liberia"]
[WhiteTeamCountry "LBN"]
[BlackTeamCountry "LBR"]
[TimeControl "40/5400+30:1800+30"]

1. d4 d5 2. c4 c6 3. Nf3 Nf6 4. g3 e6 5. Bg2 Bb4+ 6. Nbd2 O-O 7. O-O Nbd7 8. Qc2 Bxd2 9. Bxd2 Ne4 10. Bf4 Re8 11. a4 a5 12. Rfe1 Nf8 13. Ne5 Nf6 14. c5 Ng6 15. Nxg6 hxg6 16. Rab1 Nd7 17. e4 dxe4 18. Bd6 f5 19. f3 exf3 20. Bxf3 Nf6 21. Re3 Nd5 22. Bxd5 cxd5 23. Rb3 Ra6 24. Be5 Rc6 25. Rb5 b6 26. b4 axb4 27. R1xb4 bxc5 28. Rxc5 Rxc5 29. Qxc5 Qg5 30. Qc3 Ba6 31. Bf4 Qg4 32. Qe1 Qf3 33. Rb6 Bd3 34. Rb3 Kh7 35. Qb1 Bxb1 36. Rxf3 Ra8 37. Ra3 Ra6 38. a5 Be4 39. h4 Kg8 40. Kf2 Kf7 41. Bc7 Bh1 42. Ke3 Bg2 43. Ra1 Be4 44. Rc1 Ra8 45. Bb6 Kg8 46. Rc7 Bg2 47. Kf4 Bf1 48. Kg5 Kh7 49. Rf7 Bd3 50. Re7 Rc8 51. Bc7 Rg8 52. Be5 Bc4 53. Ra7 Bd3 54. a6 Bb5 55. Kf4 Kh6 56. Ke3 g5 57. Re7 gxh4 58. Rxe6+ Kh5 59. Rb6 Bxa6 60. Rxa6 g5 61. gxh4 Kxh4 62. Kf3 Kh5 63. Rf6 f4 64. Rf5 Rc8 65. Bxf4 Rc3+ 66. Be3 Kh4 67. Rxd5 g4+ 68. Kf4 g3 69. Rd8 1-0

[Event "45th FIDE Olympiad 2024"]
[Site "Budapest"]
[Date "2024.09.14"]
[Round "4.215"]
[White "Obediah Saah"]
[Black "Assaad, Joe"]
[Result "0-1"]
[ECO "D38"]
[WhiteElo "1976"]
[BlackElo "2150"]
[PlyCount "92"]
[EventDate "2024.09.05"]
[EventType "team-tourn"]
[EventCountry "HUN"]
[WhiteTeam "Liberia"]
[BlackTeam "Lebanon"]
[WhiteTeamCountry "LBR"]
[BlackTeamCountry "LBN"]
[TimeControl "40/5400+30:1800+30"]

1. d4 Nf6 2. c4 e6 3. Nc3 Bb4 4. Qc2 d5 5. Bg5 O-O 6. e3 h6 7. Bh4 Nbd7 8. cxd5 exd5 9. Bd3 c5 10. Nf3 c4 11. Be2 g5 12. Bg3 Ne4 13. Nd2 Ndf6 14. Ndxe4 Nxe4 15. O-O Bxc3 16. bxc3 Bf5 17. Qb2 Qd7 18. a4 Bg6 19. f3 Nxg3 20. hxg3 f5 21. f4 Rae8 22. Kf2 Rf6 23. Rfe1 Rfe6 24. Bf3 g4 25. Bd1 Qe7 26. Qd2 h5 27. e4 fxe4 28. Ke3 Rf8 29. Qf2 Ref6 30. Rh1 Rb6 31. Qa2 Be8 32. a5 Ra6 33. Qb2 Qc7 34. Qa3 Raf6 35. Rf1 h4 36. Qc5 Bc6 37. gxh4 Rxf4 38. Be2 Rxf1 39. Rxf1 Qg3+ 40. Kd2 e3+ 41. Kd1 Rxf1+ 42. Bxf1 Ba4+ 43. Kc1 Qe1+ 44. Kb2 Qd2+ 45. Kb1 Qc2+ 46. Ka1 Qc1+ {0-} 0-1

[Event "45th FIDE Olympiad 2024"]
[Site "Budapest"]
[Date "2024.09.14"]
[Round "4.216"]
[White "Kassis, Antoine"]
[Black "Arnold, Smith"]
[Result "1/2-1/2"]
[ECO "C45"]
[WhiteElo "2085"]
[BlackElo "1915"]
[PlyCount "99"]
[EventDate "2024.09.05"]
[EventType "team-tourn"]
[EventCountry "HUN"]
[WhiteTeam "Lebanon"]
[BlackTeam "Liberia"]
[WhiteTeamCountry "LBN"]
[BlackTeamCountry "LBR"]
[TimeControl "40/5400+30:1800+30"]

1. e4 e5 2. Nf3 Nc6 3. d4 exd4 4. Nxd4 Nf6 5. Nxc6 bxc6 6. e5 Nd5 7. c4 Nb6 8. Bd3 Bb4+ 9. Bd2 Bxd2+ 10. Nxd2 O-O 11. Qc2 h6 12. O-O d6 13. Rae1 Nd7 14. Nf3 Nc5 15. Bh7+ Kh8 16. b4 Ne6 17. Be4 d5 18. Rd1 Bb7 19. b5 Qc8 20. cxd5 cxd5 21. Bf5 Qd7 22. Qb2 Qe7 23. Bxe6 Qxe6 24. Rfe1 Rae8 25. Nd4 Qb6 26. Qc3 a6 27. Rb1 Bc8 28. a4 axb5 29. Rxb5 Qa6 30. Ra5 Qg6 31. f4 Bf5 32. Nxf5 Qxf5 33. g3 Qd7 34. Ra7 Rc8 35. Rc1 d4 36. Qd3 Rfd8 37. Rc4 Qd5 38. Raxc7 Rxc7 39. Rxc7 Rb8 40. Rc4 Rb1+ 41. Qxb1 Qxc4 42. Kf2 Qxa4 43. Qe4 Qa2+ 44. Kf3 Qb3+ 45. Ke2 Qb2+ 46. Kf3 Qc3+ 47. Ke2 Qb2+ 48. Kf3 Qa1 49. Kf2 Qb2+ 50. Kf3 1/2-1/2

[Event "45th FIDE Olympiad 2024"]
[Site "Budapest"]
[Date "2024.09.14"]
[Round "4.217"]
[White "Razanadrakotoarisoa, Toavina"]
[Black "Ndahangwapo, Heskiel"]
[Result "0-1"]
[ECO "B43"]
[WhiteElo "2147"]
[BlackElo "2011"]
[PlyCount "74"]
[EventDate "2024.09.05"]
[EventType "team-tourn"]
[EventCountry "HUN"]
[WhiteTeam "Madagascar"]
[BlackTeam "Namibia"]
[WhiteTeamCountry "MAD"]
[BlackTeamCountry "NAM"]
[TimeControl "40/5400+30:1800+30"]

1. e4 c5 2. Nf3 e6 3. d4 cxd4 4. Nxd4 a6 5. Nc3 Qc7 6. Be3 Nf6 7. a3 b5 8. Bd3 Nc6 9. Nxc6 dxc6 10. f4 e5 11. Qf3 Ng4 12. f5 Nxe3 13. Qxe3 Bd6 14. Qg3 f6 15. O-O O-O 16. Rfd1 Bb7 17. a4 Rfd8 18. Kh1 Bf8 19. h4 Qe7 20. h5 h6 21. Qf3 Kh8 22. b3 Qc5 23. Ne2 Bc8 24. Ng1 Bd7 25. Qe2 Be8 26. g4 Ra7 27. Nf3 Rad7 28. axb5 axb5 29. c4 Qb4 30. Qc2 Bf7 31. Rab1 Qc5 32. Nh4 Qe3 33. Bf1 Rd2 34. Rxd2 Rxd2 35. Qc1 Qf2 36. Ng2 Bc5 37. Kh2 Qh4# {0-} 0-1

[Event "45th FIDE Olympiad 2024"]
[Site "Budapest"]
[Date "2024.09.14"]
[Round "4.218"]
[White "Eichab, Charles"]
[Black "Andrianiaina, Heritiana"]
[Result "0-1"]
[ECO "A17"]
[WhiteElo "2013"]
[BlackElo "2149"]
[PlyCount "64"]
[EventDate "2024.09.05"]
[EventType "team-tourn"]
[EventCountry "HUN"]
[WhiteTeam "Namibia"]
[BlackTeam "Madagascar"]
[WhiteTeamCountry "NAM"]
[BlackTeamCountry "MAD"]
[TimeControl "40/5400+30:1800+30"]

1. c4 Nf6 2. Nf3 e6 3. e3 d5 4. Nc3 Bd6 5. Be2 dxc4 6. Qa4+ Nc6 7. Qxc4 e5 8. d3 O-O 9. Bd2 Nb4 10. Qb3 Be6 11. Qd1 Bf5 12. e4 Bg4 13. Be3 Bxf3 14. Bxf3 Bc5 15. Ke2 Qd6 16. a3 Nc6 17. b4 Bb6 18. Rc1 Rfd8 19. Qc2 a5 20. b5 Nd4+ 21. Bxd4 Qxd4 22. Nd1 a4 23. Ne3 Ra5 24. Rb1 Qd7 25. Qc4 Bc5 26. Nc2 b6 27. Rhd1 Ng4 28. Bxg4 Qxg4+ 29. Kf1 Qf4 30. d4 exd4 31. Nxd4 Qxe4 32. Nc6 Qxc4+ {0-} 0-1

[Event "45th FIDE Olympiad 2024"]
[Site "Budapest"]
[Date "2024.09.14"]
[Round "4.219"]
[White "Andriamasoandro, Miora"]
[Black "Schwarz, Bernhard"]
[Result "1-0"]
[ECO "A58"]
[WhiteElo "2116"]
[BlackElo "1875"]
[PlyCount "71"]
[EventDate "2024.09.05"]
[EventType "team-tourn"]
[EventCountry "HUN"]
[WhiteTeam "Madagascar"]
[BlackTeam "Namibia"]
[WhiteTeamCountry "MAD"]
[BlackTeamCountry "NAM"]
[TimeControl "40/5400+30:1800+30"]

1. d4 Nf6 2. c4 c5 3. d5 b5 4. cxb5 a6 5. bxa6 Bxa6 6. Nc3 g6 7. Nf3 Bg7 8. g3 O-O 9. Bg2 d6 10. O-O Nbd7 11. Rb1 Qa5 12. Bd2 Rfb8 13. b3 Ng4 14. Qc2 Nge5 15. Ne1 c4 16. b4 Qc7 17. h3 Rc8 18. Rc1 Rcb8 19. f4 Nd3 20. exd3 cxd3 21. Nxd3 Qb6+ 22. Kh2 Rc8 23. Qb1 Qd4 24. b5 Bb7 25. Rfe1 Nb6 26. Be3 Qf6 27. Ne4 Qf5 28. Bxb6 Bxd5 29. g4 Qe6 30. Nc3 Rxc3 31. Rxc3 Rxa2 32. Rc2 Be5 33. fxe5 dxe5 34. Nf4 Rxc2 35. Qxc2 Qd6 36. Bc7 1-0

[Event "45th FIDE Olympiad 2024"]
[Site "Budapest"]
[Date "2024.09.14"]
[Round "4.220"]
[White "Khoa, Goodwill"]
[Black "Rakotomaharavo, Dylan"]
[Result "0-1"]
[ECO "B45"]
[WhiteElo "1890"]
[BlackElo "2078"]
[PlyCount "68"]
[EventDate "2024.09.05"]
[EventType "team-tourn"]
[EventCountry "HUN"]
[WhiteTeam "Namibia"]
[BlackTeam "Madagascar"]
[WhiteTeamCountry "NAM"]
[BlackTeamCountry "MAD"]
[TimeControl "40/5400+30:1800+30"]

1. e4 c5 2. Nf3 Nc6 3. d4 cxd4 4. Nxd4 Nf6 5. Nc3 e6 6. Be3 Bb4 7. Nxc6 bxc6 8. Bd3 O-O 9. O-O d5 10. Bg5 h6 11. Bh4 Be7 12. e5 Nd7 13. Bxe7 Qxe7 14. Qh5 f5 15. f4 Rb8 16. Rab1 Kh7 17. g4 g6 18. Qh3 Nc5 19. Be2 d4 20. b4 fxg4 21. Bxg4 dxc3 22. bxc5 Qxc5+ 23. Kg2 Rxb1 24. Rxb1 Qd5+ 25. Kg3 Qd2 26. Qf1 h5 27. Bd1 h4+ 28. Kg4 Qxh2 29. Qf3 Ba6 30. Rb4 Qg1+ 31. Kh3 Bf1+ 32. Kxh4 g5+ 33. Kh5 Qh2+ 34. Kxg5 Qh6+ {0-} 0-1

[Event "45th FIDE Olympiad 2024"]
[Site "Budapest"]
[Date "2024.09.14"]
[Round "4.221"]
[White "Yeung, Jason"]
[Black "Bai, Adelard"]
[Result "0-1"]
[ECO "B50"]
[WhiteElo "1993"]
[BlackElo "2378"]
[PlyCount "50"]
[EventDate "2024.09.05"]
[EventType "team-tourn"]
[EventCountry "HUN"]
[WhiteTeam "Suriname"]
[BlackTeam "Chinese Taipei"]
[WhiteTeamCountry "SUR"]
[BlackTeamCountry "TPE"]
[TimeControl "40/5400+30:1800+30"]

1. e4 c5 2. Nf3 Nc6 3. b3 d6 4. Bb2 e5 5. Bc4 Be7 6. c3 Nf6 7. Qe2 O-O 8. Na3 a6 9. O-O b5 10. Bd5 Nxd5 11. exd5 Nb8 12. d4 b4 13. cxb4 cxd4 14. Rfe1 Re8 15. Nd2 Bb7 16. f4 Bxd5 17. fxe5 dxe5 18. Qxe5 Nc6 19. Qf4 Bxb4 20. Nc2 Bc5 21. Rxe8+ Qxe8 22. Re1 Qd7 23. Nxd4 Qa7 24. Re5 Bxd4+ 25. Bxd4 Nxd4 {0-} 0-1

[Event "45th FIDE Olympiad 2024"]
[Site "Budapest"]
[Date "2024.09.14"]
[Round "4.222"]
[White "Song, Raymond"]
[Black "Kalidjo, Imaan"]
[Result "1-0"]
[ECO "B08"]
[WhiteElo "2503"]
[BlackElo "1934"]
[PlyCount "73"]
[EventDate "2024.09.05"]
[EventType "team-tourn"]
[EventCountry "HUN"]
[WhiteTeam "Chinese Taipei"]
[BlackTeam "Suriname"]
[WhiteTeamCountry "TPE"]
[BlackTeamCountry "SUR"]
[TimeControl "40/5400+30:1800+30"]

1. d4 g6 2. e4 Bg7 3. Nf3 d6 4. Be2 Nf6 5. Nc3 c6 6. a4 Qc7 7. O-O O-O 8. h3 e5 9. dxe5 dxe5 10. Bc4 b6 11. Be3 Ba6 12. Qe2 Bxc4 13. Qxc4 Rc8 14. Rad1 a6 15. Qb3 c5 16. Nd5 Nxd5 17. Rxd5 Nc6 18. c3 h6 19. Rfd1 Rd8 20. Qc4 a5 21. Qb5 Rxd5 22. Rxd5 Kh7 23. Nd2 Bf8 24. Qd3 Rd8 25. Rxd8 Nxd8 26. Qb5 Qb7 27. f3 Bd6 28. Nc4 Bc7 29. Qd7 Qc6 30. Qe7 Ne6 31. Qxf7+ Ng7 32. b3 Bb8 33. h4 Bc7 34. Qe7 h5 35. Bg5 Kg8 36. Bf6 Ne6 37. Bxe5 1-0

[Event "45th FIDE Olympiad 2024"]
[Site "Budapest"]
[Date "2024.09.14"]
[Round "4.223"]
[White "Chashawa, Shaief"]
[Black "Yang, ching Wei"]
[Result "0-1"]
[ECO "B67"]
[WhiteElo "1825"]
[BlackElo "2121"]
[PlyCount "104"]
[EventDate "2024.09.05"]
[EventType "team-tourn"]
[EventCountry "HUN"]
[WhiteTeam "Suriname"]
[BlackTeam "Chinese Taipei"]
[WhiteTeamCountry "SUR"]
[BlackTeamCountry "TPE"]
[TimeControl "40/5400+30:1800+30"]

1. e4 c5 2. Nf3 d6 3. d4 cxd4 4. Nxd4 Nf6 5. Nc3 Nc6 6. Bg5 e6 7. Qd2 a6 8. O-O-O Bd7 9. Kb1 Be7 10. h4 b5 11. Nxc6 Bxc6 12. f3 b4 13. Bxf6 gxf6 14. Ne2 Qb6 15. Nd4 Bd7 16. Qe3 Qc5 17. Qd2 a5 18. Nb3 Qb6 19. Qd4 Qc7 20. Nd2 h5 21. Nc4 Ra6 22. Ne3 Rb6 23. g4 a4 24. g5 Qc5 25. f4 Qxd4 26. Rxd4 fxg5 27. hxg5 b3 28. axb3 axb3 29. c3 Kf8 30. Nc4 Rc6 31. Be2 h4 32. e5 d5 33. Nd2 Rb6 34. c4 Bc5 35. Rd3 Bc6 36. Bf3 dxc4 37. Rd8+ Kg7 38. Rxh8 Kxh8 39. Bxc6 Rxc6 40. Ne4 Be7 41. Rxh4+ Kg7 42. Rh1 Kg6 43. Ng3 Rc8 44. Rh6+ Kg7 45. Nh5+ Kg8 46. g6 Rd8 47. Kc1 Bc5 48. Nf6+ Kg7 49. Rh3 Kxg6 50. Ne4 Bb4 51. Rf3 Kf5 52. Nf2 Rg8 {0-} 0-1

[Event "45th FIDE Olympiad 2024"]
[Site "Budapest"]
[Date "2024.09.14"]
[Round "4.224"]
[White "Wang, Ting-Hao"]
[Black "Kalka, Shiva"]
[Result "1-0"]
[ECO "B40"]
[WhiteElo "1842"]
[BlackElo "1849"]
[PlyCount "65"]
[EventDate "2024.09.05"]
[EventType "team-tourn"]
[EventCountry "HUN"]
[WhiteTeam "Chinese Taipei"]
[BlackTeam "Suriname"]
[WhiteTeamCountry "TPE"]
[TimeControl "40/5400+30:1800+30"]

1. e4 c5 2. Nf3 e6 3. g3 Nc6 4. Bg2 d6 5. d4 cxd4 6. Nxd4 Be7 7. O-O Nxd4 8. Qxd4 Bf6 9. Qd3 a5 10. Rd1 Ra6 11. Na3 Bd7 12. Nc4 Be7 13. a4 Nf6 14. e5 dxe5 15. Bxb7 Ra7 16. Bg2 Qc7 17. Be3 Ra6 18. Qb3 O-O 19. Qd3 Rc8 20. b3 Bb4 21. Rab1 e4 22. Bxe4 Nxe4 23. Qxe4 Bc6 24. Qh4 Bb7 25. Rf1 e5 26. f3 Re6 27. Rbd1 h6 28. Kg2 g5 29. Qg4 Rg6 30. Rd7 Qc6 31. Nxe5 f5 32. Qh5 Qxc2+ 33. Rf2 1-0

[Event "45th FIDE Olympiad 2024"]
[Site "Budapest"]
[Date "2024.09.14"]
[Round "4.225"]
[White "Ahmed Hassan"]
[Black "Ebosse Kingue Victor Patrick"]
[Result "1-0"]
[ECO "B94"]
[WhiteElo "2234"]
[BlackElo "2014"]
[PlyCount "112"]
[EventDate "2024.09.05"]
[EventType "team-tourn"]
[EventCountry "HUN"]
[WhiteTeam "Sudan"]
[BlackTeam "Cameroon"]
[WhiteTeamCountry "SUD"]
[BlackTeamCountry "CAM"]
[TimeControl "40/5400+30:1800+30"]

1. e4 c5 2. Nf3 d6 3. d4 cxd4 4. Nxd4 Nf6 5. Nc3 a6 6. Bg5 Nbd7 7. f4 h6 8. Bh4 b5 9. Qf3 Bb7 10. O-O-O Qa5 11. Nb3 Qc7 12. Bd3 e6 13. Rhe1 Be7 14. Qg3 g5 15. fxg5 Nh5 16. Qe3 O-O-O 17. g4 hxg5 18. Bxg5 Nhf6 19. h3 Rdg8 20. Bxf6 Bxf6 21. Kb1 Bxc3 22. bxc3 Qxc3 23. Bxb5 Qxe3 24. Bxd7+ Kxd7 25. Rxe3 Ke7 26. Rd4 Rg5 27. Rb4 Bc6 28. Nd4 Ba8 29. Rb6 Ra5 30. Nc6+ Bxc6 31. Rxc6 Kd7 32. Rb6 Rb5+ 33. Rxb5 axb5 34. Kb2 Kc6 35. Rc3+ Kb6 36. Kb3 Ra8 37. Rf3 Ra7 38. h4 Ra4 39. Rxf7 Rxe4 40. Rg7 Re3+ 41. Kb4 Rh3 42. h5 Kc6 43. Rg6 Rh4 44. h6 e5 45. Kc3 Kd5 46. g5 e4 47. Rg7 b4+ 48. Kd2 Kd4 49. h7 e3+ 50. Ke2 Rh2+ 51. Kf3 e2 52. Re7 e1=Q 53. Rxe1 Rxh7 54. Rb1 Kc4 55. g6 Ra7 56. Rg1 Rg7 1-0

[Event "45th FIDE Olympiad 2024"]
[Site "Budapest"]
[Date "2024.09.14"]
[Round "4.226"]
[White "Zebaze Dongmo Loic Dylane"]
[Black "Nader, Obeid"]
[Result "1-0"]
[ECO "D00"]
[WhiteElo "1914"]
[BlackElo "2083"]
[PlyCount "73"]
[EventDate "2024.09.05"]
[EventType "team-tourn"]
[EventCountry "HUN"]
[WhiteTeam "Cameroon"]
[BlackTeam "Sudan"]
[WhiteTeamCountry "CAM"]
[BlackTeamCountry "SUD"]
[TimeControl "40/5400+30:1800+30"]

1. d4 d5 2. Bf4 Nf6 3. Nc3 c6 4. e3 g6 5. Nf3 Bg7 6. h4 Bg4 7. Qd2 Nbd7 8. Ne5 Nxe5 9. Bxe5 Ne4 10. Nxe4 Bxe5 11. dxe5 dxe4 12. Qc3 O-O 13. Be2 Bxe2 14. Kxe2 Qd7 15. f3 Rad8 16. h5 Qf5 17. hxg6 exf3+ 18. gxf3 fxg6 19. Raf1 Rd5 20. Qc4 e6 21. Rh4 Rfd8 22. f4 Rd2+ 23. Kf3 h5 24. e4 Qf7 25. Rg1 Kh7 26. Qc5 Rg8 27. Rg5 Rd1 28. Qc4 Qd7 29. Qc5 b6 30. Qa3 Rf1+ 31. Kg2 Rc1 32. Qf3 Rxc2+ 33. Kh3 Qf7 34. f5 exf5 35. exf5 Rf8 36. fxg6+ Qxg6 37. Rhxh5+ 1-0

[Event "45th FIDE Olympiad 2024"]
[Site "Budapest"]
[Date "2024.09.14"]
[Round "4.227"]
[White "Hamid Ibrahim"]
[Black "Amba Oyon Marius Claude"]
[Result "1/2-1/2"]
[ECO "A48"]
[WhiteElo "2090"]
[BlackElo "1975"]
[PlyCount "184"]
[EventDate "2024.09.05"]
[EventType "team-tourn"]
[EventCountry "HUN"]
[WhiteTeam "Sudan"]
[BlackTeam "Cameroon"]
[WhiteTeamCountry "SUD"]
[BlackTeamCountry "CAM"]
[TimeControl "40/5400+30:1800+30"]

1. d4 Nf6 2. Nf3 g6 3. Bf4 Bg7 4. h3 c5 5. c3 O-O 6. e3 b6 7. Nbd2 Bb7 8. Be2 d6 9. O-O Nbd7 10. a4 a6 11. Qb3 Rb8 12. Rfd1 Qc8 13. Rac1 Bc6 14. c4 cxd4 15. exd4 e5 16. Be3 exd4 17. Nxd4 Nc5 18. Qa3 Bxa4 19. b3 Bd7 20. b4 Ne6 21. Nxe6 Bxe6 22. c5 dxc5 23. bxc5 b5 24. Bf4 Ra8 25. Nb3 Nd5 26. Bd6 b4 27. Qa4 Nc3 28. Rxc3 bxc3 29. Nd4 Rd8 30. Bf3 Rb8 31. Qc2 Bxd4 32. Rxd4 Rxd6 33. cxd6 Bb3 34. Qc1 c2 35. Be4 Ba4 36. d7 Qc7 37. Bxc2 Bxd7 38. Qd1 Be6 39. Be4 a5 40. Bd5 Bxd5 41. Rxd5 Qc3 42. Rd3 Qb4 43. Rd8+ Rxd8 44. Qxd8+ Kg7 45. Qe8 Qc3 46. g3 Qa1+ 47. Kg2 a4 48. h4 h5 49. g4 Qd4 50. gxh5 gxh5 51. Qe7 Qf6 52. Qb4 Qg6+ 53. Kh2 Qc2 54. Qd4+ Kh7 55. Qf4 Kg7 56. Qe5+ Kf8 57. Qb8+ Ke7 58. Qe5+ Kd7 59. Qd5+ Kc8 60. Qa8+ Kd7 61. Qd5+ Kc7 62. Qxf7+ Kb6 63. Qe6+ Kb7 64. Qd5+ Kb6 65. Qd6+ Qc6 66. Qb4+ Ka6 67. Kg1 Qg6+ 68. Kh2 Qg4 69. Qd6+ Kb5 70. Qd5+ Kb4 71. Qd2+ Kb3 72. Qd3+ Kb2 73. Qd2+ Kb1 74. Qd3+ Kc1 75. Qc3+ Kd1 76. Qd3+ Ke1 77. Qc3+ Kxf2 78. Qc5+ Ke1 79. Qc3+ Ke2 80. Qc2+ Ke3 81. Qc3+ Ke4 82. Qc4+ Ke5 83. Qc7+ Ke6 84. Qc6+ Kf7 85. Qc7+ Kf8 86. Qd8+ Kg7 87. Qe7+ Kh6 88. Qf6+ Kh7 89. Qf7+ Kh8 90. Qf8+ Kh7 91. Qf7+ Kh8 92. Qf8+ Kh7 1/2-1/2